 Dungeon Crawl Stone Soup version 0.30-a0-322-g102857c98e (webtiles) character file.

Game seed: 18271070143856277768

178381 koil the Spry (level 17, -12/94 HPs)
             Began as a Spriggan Hunter on Oct 27, 2022.
             Was the Champion of Makhleb.
             Shot with an arrow by a deep elf master archer (28 damage)
             ... on level 3 of the Elven Halls on Oct 28, 2022.
             The game lasted 03:36:45 (33085 turns).

koil the Spry (Spriggan Hunter)                    Turns: 33085, Time: 03:36:46

Health: -12/94     AC:  8    Str:  7    XL:     17   Next: 57%
Magic:  29/32      EV: 41    Int: 20    God:    Makhleb [******]
Gold:   230        SH:  0    Dex: 27    Spells: 5/36 levels left

rFire   . . .      SeeInvis +    b - +10 rapier "Teqenik" {drain, Stlth+}
rCold   + . .      Faith    .    (no shield)
rNeg    . . .      Spirit   .    s - +1 robe of Bad Feelings {*Slow Will+ Dex+4}
rPois   .          Reflect  .    v - +2 hat {Stlth+}
rElec   .          Harm     .    E - +2 cloak {Stlth+}
rCorr   .          Rampage  .    (gloves unavailable)
Will    +++..                    (boots unavailable)
Stlth   ++++++++..               J - amulet of regeneration
HPRegen 1.15/turn                T - ring of protection from cold
MPRegen 0.23/turn                y - +6 ring of intelligence

@: very quick
A: very small, no large weapons, unfitting armour, see invisible, speed 3,
mutation resistance 1
a: Renounce Religion, Minor Destruction, Lesser Servant of Makhleb, Major
Destruction, Greater Servant of Makhleb


You were on level 3 of the Elven Halls.
You worshipped Makhleb.
Makhleb was exalted by your worship.
You visited 5 branches of the dungeon, and saw 26 of its levels.

You collected 2591 gold pieces.
You spent 2361 gold pieces at shops.

Inventory:

Hand Weapons
 a - a +4 arbalest of freezing
 b - the +10 rapier "Teqenik" (weapon) {drain, Stlth+}
   (You found it on level 11 of the Dungeon)

   A truly terrible weapon, it drains the life of any living foe it strikes.
   Stlth:     It makes you more stealthy.
 p - a +9 dagger
 N - the +4 sling of Plunder {speed, rN+ Will- Dex+3 Stlth+}
   (You found it on level 3 of the Lair of Beasts)

   Attacks with this weapon are significantly faster.
   Dex:       It affects your dexterity (+3).
   rN:        It protects you from negative energy.
   Will:      It decreases your willpower.
   Stlth:     It makes you more stealthy.
 O - a +4 antimagic quick blade
Missiles
 f - 7 atropa-tipped darts
 l - 65 poisoned darts
 n - 3 throwing nets
 Z - 6 curare-tipped darts
Armour
 s - the +1 robe of Bad Feelings (worn) {*Slow Will+ Dex+4}
   (You bought it in a shop on level 2 of the Orcish Mines)

   Dex:       It affects your dexterity (+4).
   *Slow:     It may slow you when you take damage.
   Will:      It increases your willpower.
 u - a +3 troll leather armour
 v - a +2 hat of stealth (worn)
 E - a +2 cloak of stealth (worn)
Jewellery
 h - a +4 ring of protection
 t - a ring of resist corrosion
 w - an amulet of magic regeneration
 y - a +6 ring of intelligence (right hand)
 A - an amulet of guardian spirit
 J - an amulet of regeneration (around neck)
 K - a ring of poison resistance
 L - a ring of ice
 T - a ring of protection from cold (left hand)
Wands
 M - a wand of paralysis (12)
 Q - a wand of light (2)
 V - a wand of digging (1)
Scrolls
 e - 4 scrolls of teleportation
 g - 20 scrolls of identify
 k - a scroll of amnesia
 m - a scroll of enchant weapon
 o - 3 scrolls of fear
 x - 6 scrolls of butterflies
 D - 3 scrolls of poison
 G - 3 scrolls of magic mapping
 H - 6 scrolls of immolation
 P - 3 scrolls of vulnerability
 R - 2 scrolls of summoning
 U - 2 scrolls of blinking
 W - 3 scrolls of torment
Potions
 c - 3 potions of invisibility
 d - 13 potions of curing
 i - 4 potions of lignification
 j - 5 potions of ambrosia
 q - 2 potions of flight
 r - 4 potions of brilliance
 z - 2 potions of magic
 B - 6 potions of haste
 C - 2 potions of resistance
 F - 5 potions of heal wounds
 I - 4 potions of might
 X - 2 potions of cancellation


   Skills:
 + Level 12.8 Fighting
 + Level 15.4 Ranged Weapons
 + Level 19.2 Dodging
 - Level 10.2 Stealth
 - Level 10.0 Spellcasting
 - Level 7.0 Conjurations
 - Level 6.0 Hexes
 - Level 3.0 Summonings
 - Level 6.0 Translocations
 - Level 7.0 Fire Magic
 - Level 7.0 Poison Magic
 + Level 7.6 Invocations


You had 5 spell levels left.
You knew the following spells:

 Your Spells              Type           Power      Damage    Failure   Level
a - Animate Armour        Summ/Erth      32%        N/A       36%         4
b - Call Canine Familiar  Summ           22%        N/A       6%          3
c - Portal Projectile     Hex/Tloc       68%        N/A       1%          3
d - Mephitic Cloud        Conj/Pois/Air  28%        N/A       3%          3
e - Ensorcelled Hibernat  Hex/Ice        44%        N/A       3%          2
f - Passage of Golubria   Tloc           34%        N/A       6%          4
g - Olgreb's Toxic Radia  Pois           38%        N/A       3%          4
h - Ignite Poison         Fire/Tmut/Pois 28%        N/A       3%          3
i - Fireball              Conj/Fire      19%        3d9       11%         5

Your spell library contained the following spells:

 Spells                   Type           Power      Damage    Failure   Level
 Foxfire                  Conj/Fire      100%       2x1d9     1%          1
 Magic Dart               Conj           100%       1d8       1%          1
 Slow                     Hex            100%       N/A       1%          1
 Sting                    Tmut/Pois      96%        1d7       1%          1
 Summon Small Mammal      Summ           88%        N/A       1%          1
 Searing Ray              Conj           76%        2d7       1%          2
 Confusing Touch          Hex            34%        N/A       1%          3
 Poisonous Vapours        Pois/Air       48%        N/A       2%          2
 Call Imp                 Summ           22%        N/A       3%          2
 Kindle Blastsparks       Fire/Tloc/Air  54%        2d14      3%          3
 Cigotuvi's Dreadful Rot  Necr/Pois/Air  38%        N/A       4%          2
 Hailstorm                Conj/Ice       24%        3d7       4%          3
 Spider Form              Tmut/Pois      24%        N/A       4%          3
 Stone Arrow              Conj/Erth      48%        3d10      4%          3
 Vhi's Electric Charge    Tloc/Air       44%        N/A       6%          3
 Freeze                   Ice            40%        1d6       7%          1
 Sublimation of Blood     Necr           10%        N/A       11%         2
 Wereblood                Tmut           10%        N/A       11%         2
 Frozen Ramparts          Ice            20%        1d4       21%         3
 Vampiric Draining        Necr           10%        2d6       21%         3
 Anguish                  Hex/Necr       11%        N/A       21%         4
 Leda's Liquefaction      Hex/Erth       11%        N/A       21%         4
 Arcjolt                  Conj/Air       12%        1d22      41%         5
 Irradiate                Conj/Tmut      12%        3d15      41%         5
 Silence                  Hex/Air        11%        N/A       50%         5
 Petrify                  Tmut/Erth      10%        N/A       56%         4
 Freezing Cloud           Conj/Ice/Air   9%         6-21      58%         5
 Blade Hands              Tmut           5%         N/A       88%         5
 Starburst                Conj/Fire      19%        6d7       52%         6
 Iron Shot                Conj/Erth      12%        9d3       94%         6
 Summon Cactus Giant      Summ           11%        N/A       97%         6
 Summon Hydra             Summ           11%        N/A       100%        7
 Lehudib's Crystal Spear  Conj/Erth      12%        10d4      100%        8
 Maxwell's Capacitive Co  Air            5%         ∞         100%        8
 Shatter                  Erth           5%         3d8*      100%        9


Dungeon Overview and Level Annotations

Branches:
Dungeon (15/15)            Temple (1/1) D:4            Lair (5/5) D:11
 Shoals (0/4) Lair:2       Spider (0/4) Lair:2        Slime (0/5) Lair:5
    Orc (2/2) D:10            Elf (3/3) Orc:2        Vaults (0/5) D:14
 Depths (0/4) D:15

Altars:
Ashenzari
Cheibriados
Dithmenos
Elyvilon
Fedhas
Gozag
Hepliaklqana
Kikubaaqudgha
Makhleb
Nemelex Xobeh
Okawaru
Qazlal
Ru
Sif Muna
Trog
Uskayaw
Vehumet
Wu Jian
Xom
Yredelemnul
Zin
The Shining One

Shops:
D:3 (   D:7 [   D:11 *   D:15 *   Orc:1 !   Orc:2 [!*!   Elf:1 !   Elf:2 (

Annotations:
D:6 exclusion: statue
D:15 Huipt's ghost, journeyman DEFE


Innate Abilities, Weirdness & Mutations

You are very small and have problems with some larger weapons.
You are too small for most types of armour.
You have supernaturally acute eyesight. (SInv)
You cover ground extremely quickly. (Speed+++)
You are somewhat resistant to further mutation.


Message History

Unknown command.
Your +4 arbalest of freezing stops glowing.
You sense an unholy aura.
b - the +10 rapier "Teqenik" (weapon)
{drain, Stlth+} The deep elf master archer shoots an arrow.
The arrow completely misses you.
You hit the deep elf master archer.
The deep elf master archer is lightly wounded.
The deep elf master archer shoots an arrow.
The arrow barely misses you.
The deep elf master archer shoots an arrow.
The arrow completely misses you.
You puncture the deep elf master archer!
The deep elf master archer is lightly wounded.
The deep elf master archer shoots an arrow.
The arrow barely misses you.
The deep elf master archer shoots an arrow.
The arrow completely misses you.
The deep elf master archer shoots an arrow.
The arrow completely misses you.
You hit the deep elf master archer. You drain the deep elf master archer.
The deep elf master archer is moderately wounded.
The deep elf master archer shoots an arrow.
The arrow completely misses you.
The deep elf master archer shoots an arrow.
The arrow barely misses you.
You hit the deep elf master archer.
The deep elf master archer is moderately wounded.
The deep elf master archer shoots an arrow.
The arrow misses you.
The deep elf master archer shoots an arrow.
The arrow hits you!
The deep elf master archer shoots an arrow.
The arrow hits you!!!
* * * LOW HITPOINT WARNING * * *
You hit the deep elf master archer. You drain the deep elf master archer.
The deep elf master archer is heavily wounded.
The deep elf master archer shoots an arrow.
The arrow hits you!!
You die...

......##......'..#...#
...)..##......'..##+##
.....###....~~#..#...#
....#'##....~≈#..#...#
#'####.#...)~≈#..#...#
#.# ##.....~≈#..#...#
#.# ##....~≈#..#...#
#.# #....~≈#..+...#
#'## #....~≈#.@##'##
...# #..).~≈#.e))..#
...## #....~≈#..#)|.#
....# #....~≈#.)#...#
....# #....~≈#..#)..#
....# #....~≈#..#...#
...'## #....~≈#..#)###
...#.###....~~#..'...#
#
'####.##....~≈#..#e..#
#


You could see a deep elf master archer (drained).

Vanquished Creatures
  A deep elf blademaster (Elf:2)
  Gastronok (Lair:1)
  Agnes (D:15)
  5 deep elf sorcerers
  The ghost of Noohia the Protected, a journeyman MeCK of Xom (D:14)
  The ghost of Darkkill the Warrior, a journeyman MiHu of Jiyva (D:13)
  A deep elf elementalist (Elf:1)
  A vampire knight (D:15)
  A deep elf demonologist (Elf:1)
  5 deep elf annihilators
  2 deep elf death magi
  5 dire elephants (Lair:5)
  An ettin (D:15)
  A deep elf high priest (Elf:3)
  4 hydras
  2 centaur warriors
  3 boulder beetles
  A spectral frost giant (D:15)
  A death knight (D:14)
  4 two-headed ogres
  A catoblepas (Lair:5)
  Erica (D:10)
  26 dancing weapons
  6 death yaks
  2 tengu warriors
  6 orc high priests
  Urug (D:13)
  13 deep elf knights
  Nergalle (D:11)
  9 skeletal warriors
  A spectral anaconda (Lair:5)
  A deep troll (D:15)
  An obsidian statue (Lair:5)
  A harpy (shapeshifter) (Elf:3)
  6 necromancers
  2 orc knights
  18 deep elf archers
  26 deep elf pyromancers
  38 deep elf zephyrmancers
  2 orc sorcerers
  12 ugly things
  A spectral spriggan (D:15)
  6 manticores
  A wolf spider (D:15)
  4 cyclopes
  A dire elephant zombie (Lair:5)
  6 black mambas
  12 elephants (Lair:5)
  11 cane toads
  7 gargoyles
  A dire elephant skeleton (Lair:5)
  A guardian serpent (shapeshifter) (D:15)
  An unseen horror (D:12)
  14 komodo dragons
  7 rime drakes
  3 freezing wraiths
  3 efreet
  4 yaktaurs (D:14)
  A rime drake (shapeshifter) (D:14)
  2 kobold demonologists (D:10)
  3 tengu conjurers (D:14)
  4 trolls
  A meliai (D:13)
  3 polar bears (Lair:4)
  A queen bee (D:13)
  12 hornets
  16 slime creatures
  A wind drake (Lair:2)
  37 blink frogs
  A jumping spider (Lair:2)
  A centaur simulacrum (D:14)
  2 air elementals
  2 shadows (D:11)
  A spriggan (Lair:4)
  A wraith (D:14)
  8 basilisks
  A yak (shapeshifter) (Elf:3)
  3 wyverns
  4 steam dragons
  A water elemental (Elf:3)
  3 fire elementals
  A hog (shapeshifter) (Elf:2)
  65 yaks
  2 redbacks (Lair:2)
  8 wargs
  Edmund (D:4)
  6 acid dragons
  13 water moccasins
  12 orc warriors
  2 black bears
  An elephant zombie (Lair:5)
  7 ogres
  An elephant skeleton (Lair:5)
  14 wolves
  14 centaurs
  8 kobold brigands
  11 bullfrogs
  3 gnoll sergeants
  2 scorpions
  4 necrophages
  21 wights
  An elephant simulacrum (Lair:5)
  20 killer bees
  11 howler monkeys
  An electric eel (D:10)
  34 orc priests
  A hound (D:5)
  A jelly (D:6)
  A gnoll bouda (D:9)
  Crazy Yiuf (D:4)
  Terence (D:2)
  3 iguanas
  13 orc wizards
  Natasha (thrice) (D:4)
  2 hell rats (D:11)
  25 gnolls
  10 adders
  A river rat (D:11)
  3 shadow imps (D:5)
  5 white imps
  3 ufetubi (D:5)
  3 dart slugs (D:2)
  63 orcs
  4 ball pythons
  5 endoplasms
  3 giant cockroaches
  7 goblins
  6 hobgoblins
  3 quokkas
  9 bats
  A frilled lizard (D:2)
  25 kobolds
  6 rats
879 creatures vanquished.

Vanquished Creatures (others)
  A deep elf knight (Elf:2)
  2 deep elf zephyrmancers
  An orc (Elf:2)
  A demonic plant (D:5)
  21 fungi
  38 plants
  20 withered plants (Lair:5)
84 creatures vanquished.

Grand Total: 963 creatures vanquished

Notes
Turn   | Place    | Note
-------+----------+-------------------------------------------
     0 | D:1      | koil the Spriggan Hunter began the quest for the Orb.
     0 | D:1      | Reached XP level 1. HP: 10/10 MP: 2/2
   452 | D:1      | Found a faded altar of an unknown god.
   540 | D:1      | Reached XP level 2. HP: 15/15 MP: 2/4
   751 | D:1      | Reached skill level 3 in Dodging
  1150 | D:2      | Reached skill level 1 in Spellcasting
  1226 | D:2      | Found an opulent altar of Gozag.
  1233 | D:2      | Reached XP level 3. HP: 18/18 MP: 5/5
  1300 | D:2      | Noticed Terence
  1325 | D:2      | Killed Terence
  1326 | D:2      | Reached XP level 4. HP: 14/23 MP: 7/7
  1890 | D:3      | Found an ornate altar of the Wu Jian Council.
  1890 | D:3      | Found a basalt altar of Yredelemnul.
  1890 | D:3      | Found a snail-covered altar of Cheibriados.
  1890 | D:3      | Found a glowing golden altar of the Shining One.
  1918 | D:3      | Identified the +4 sling of Gazing Quick Death {flame,
                  | Str+6}
  2045 | D:3      | Reached XP level 5. HP: 27/27 MP: 9/9
  2089 | D:3      | Found a stormy altar of Qazlal.
  2132 | D:3      | Found Xyidokukiv's Weapon Boutique.
  2297 | D:4      | Reached skill level 4 in Dodging
  2375 | D:4      | Noticed Edmund
  2468 | D:4      | Killed Edmund
  2469 | D:4      | Reached XP level 6. HP: 32/32 MP: 9/11
  2491 | D:4      | Noticed Natasha
  2517 | D:4      | Killed Natasha
  2702 | D:4      | Found a staircase to the Ecumenical Temple.
  2721 | D:4      | Reached skill level 5 in Ranged Weapons
  2726 | D:4      | Reached skill level 5 in Stealth
  2730 | D:4      | Reached skill level 5 in Dodging
  2735 | D:4      | Reached XP level 7. HP: 30/36 MP: 13/13
  2989 | D:4      | Found a runed translucent door.
  2990 | D:4      | Noticed Crazy Yiuf
  3033 | D:4      | Noticed Natasha
  3201 | D:4      | Killed Natasha
  3225 | D:4      | Found a glowing silver altar of Zin.
  3451 | D:4      | Killed Crazy Yiuf
  3552 | D:4      | Noticed Natasha
  3560 | D:4      | Killed Natasha
  3577 | D:5      | Entered Level 5 of the Dungeon
  3587 | Temple   | Entered the Ecumenical Temple
  3587 | Temple   | Found a transporter.
  3587 | Temple   | Found a transporter.
  3589 | Temple   | Found a transporter.
  3589 | Temple   | Found a transporter.
  3627 | Temple   | Became a worshipper of Makhleb the Destroyer
  3762 | Temple   | Gained mutation: Your spells are a little easier to cast,
                  | but a little less powerful. [potion of mutation]
  3762 | Temple   | Gained mutation: You expend magic power (3 MP) to
                  | strengthen your wands. [potion of mutation]
  3797 | Temple   | Lost mutation: You expend magic power (3 MP) to strengthen
                  | your wands. [potion of mutation]
  3797 | Temple   | Lost mutation: Your spells are a little easier to cast, but
                  | a little less powerful. [potion of mutation]
  3797 | Temple   | Gained mutation: You expend magic power (3 MP) to
                  | strengthen your wands. [potion of mutation]
  3797 | Temple   | Gained mutation: You are clumsy. (Dex -2) [potion of
                  | mutation]
  3837 | D:5      | Noticed a yak
  3840 | D:5      | Noticed a yak
  3842 | D:5      | Noticed a yak
  3843 | D:5      | Noticed a yak
  3846 | D:5      | Noticed a yak
  3869 | D:5      | Noticed a yak
  3916 | D:5      | Killed a yak
  3920 | D:5      | Killed a yak
  3928 | D:5      | Killed a yak
  3929 | D:5      | Reached skill level 6 in Dodging
  3929 | D:5      | Reached XP level 8. HP: 38/42 MP: 14/16
  3939 | D:5      | Reached skill level 5 in Spellcasting
  4080 | D:5      | Found a hide-covered altar of Uskayaw.
  4086 | D:5      | Found a hazy altar of Hepliaklqana.
  4186 | D:5      | Reached * piety under Makhleb
  4262 | D:5      | Lost mutation: You are clumsy. (Dex -2) [potion of
                  | mutation]
  4262 | D:5      | Lost mutation: You expend magic power (3 MP) to strengthen
                  | your wands. [potion of mutation]
  4262 | D:5      | Gained mutation: Potions are less effective at restoring
                  | your health. [potion of mutation]
  4262 | D:5      | Gained mutation: You are occasionally teleported next to
                  | monsters. [potion of mutation]
  4262 | D:5      | Gained mutation: You have hidden genetic defects. [potion
                  | of mutation]
  4286 | D:5      | Reached skill level 7 in Dodging
  4449 | D:5      | Identified the +0 chain mail of Tyfeeross {+Blink Int+4
                  | Dex+4}
  4590 | D:5      | Gained mutation: You occasionally lose the ability to drink
                  | potions when taking damage. [hidden defects]
  4733 | D:6      | Reached XP level 9. HP: 21/46 MP: 19/19
  4856 | D:6      | Gained mutation: You sometimes lose your temper in combat.
                  | [hidden defects]
  4856 | D:6      | Lost mutation: You have hidden genetic defects. [hidden
                  | defects expressed]
  5028 | D:6      | Reached ** piety under Makhleb
  5058 | D:6      | Found a radiant altar of Vehumet.
  5171 | D:6      | Found a bloodstained altar of Trog.
  5637 | D:7      | Reached skill level 5 in Fighting
  5637 | D:7      | Reached skill level 8 in Dodging
  5638 | D:7      | Found Bich's Armour Shoppe.
  5657 | D:7      | Bought a +1 cloak of stealth for 247 gold pieces
  6480 | D:7      | Lost mutation: You occasionally lose the ability to drink
                  | potions when taking damage. [potion of mutation]
  6480 | D:7      | Lost mutation: You are occasionally teleported next to
                  | monsters. [potion of mutation]
  6480 | D:7      | Gained mutation: You are vulnerable to heat. (rF-) [potion
                  | of mutation]
  6480 | D:7      | Lost mutation: You sometimes lose your temper in combat.
                  | [potion of mutation]
  6545 | D:7      | Reached skill level 10 in Stealth
  6732 | D:8      | Reached XP level 10. HP: 49/51 MP: 22/22
  6977 | D:8      | Reached skill level 9 in Dodging
  7097 | D:8      | Learned a level 4 spell: Animate Armour
  7119 | D:8      | Learned a level 3 spell: Call Canine Familiar
  7169 | D:8      | Reached *** piety under Makhleb
  7393 | D:9      | Reached skill level 1 in Invocations
  7494 | D:9      | Reached skill level 1 in Summonings
  7548 | D:9      | Reached **** piety under Makhleb
  7748 | D:9      | Found a sparkling altar of Nemelex Xobeh.
  7953 | D:9      | Noticed a gargoyle
  7954 | D:9      | Noticed a manticore
  7966 | D:9      | Paralysed by a hornet for 2 turns
  7982 | D:9      | Killed a gargoyle
  7983 | D:9      | Noticed a cyclops
  8033 | D:9      | Killed a manticore
  8034 | D:9      | Reached skill level 10 in Dodging
  8288 | D:9      | Killed a cyclops
  8289 | D:9      | Reached XP level 11. HP: 44/58 MP: 24/24
  9032 | D:10     | Entered Level 10 of the Dungeon
  9056 | D:10     | Noticed Erica
  9260 | D:10     | Noticed a sixfirhy
  9517 | D:10     | Learned a level 3 spell: Portal Projectile
  9521 | D:10     | Learned a level 3 spell: Mephitic Cloud
  9733 | D:10     | Identified the +4 war axe "Caofyxt" {spect, rC++ Int+2}
  9736 | D:10     | Noticed a centaur warrior
 10143 | D:10     | Killed Erica
 10144 | D:10     | Reached skill level 1 in Hexes
 10144 | D:10     | Reached skill level 1 in Poison Magic
 10400 | D:10     | Killed a centaur warrior
 10507 | D:10     | Found a staircase to the Orcish Mines.
 10953 | D:11     | Noticed a skeletal warrior
 10961 | D:11     | Noticed a skeletal warrior
 10961 | D:11     | Noticed a skeletal warrior
 10961 | D:11     | Noticed a skeletal warrior
 10984 | D:11     | Noticed a death yak
 10985 | D:11     | Noticed a death yak
 10986 | D:11     | Found a staircase to the Lair.
 10986 | D:11     | Noticed Nergalle
 11165 | D:11     | Identified the +10 rapier "Teqenik" {drain, Stlth+}
 11350 | D:11     | Noticed a death yak
 11413 | D:11     | Killed a skeletal warrior
 11429 | D:11     | Killed a skeletal warrior
 11493 | D:11     | Killed a skeletal warrior
 11497 | D:11     | Noticed a spectral orc warlord
 11606 | D:11     | Reached skill level 11 in Dodging
 11619 | D:11     | Killed a skeletal warrior
 11707 | D:11     | Found Mepn's Assorted Antiques.
 11869 | D:11     | Killed a death yak
 11970 | D:11     | Killed a death yak
 11971 | D:11     | Reached skill level 5 in Invocations
 11971 | D:11     | Reached XP level 12. HP: 63/63 MP: 17/26
 11989 | D:11     | Killed a death yak
 11990 | D:11     | Reached skill level 10 in Spellcasting
 11993 | D:11     | Learned a level 2 spell: Ensorcelled Hibernation
 12118 | D:11     | Killed Nergalle
 12622 | Orc:1    | Entered Level 1 of the Orcish Mines
 12854 | Orc:1    | Noticed a two-headed ogre
 12857 | Orc:1    | Killed a two-headed ogre
 12869 | Orc:1    | Found Miwnetru's Distillery.
 12877 | Orc:1    | Bought a potion of invisibility for 112 gold pieces
 13035 | Orc:2    | Entered Level 2 of the Orcish Mines
 13047 | Orc:1    | Reached ***** piety under Makhleb
 13239 | Orc:2    | Found a staircase to the Elven Halls.
 13285 | Orc:2    | Noticed an orc high priest
 13288 | Orc:2    | Noticed an orc high priest
 13304 | Orc:2    | Killed an orc high priest
 13321 | Orc:2    | Noticed an orc high priest
 13387 | Orc:1    | Killed an orc high priest
 13388 | Orc:1    | Reached skill level 10 in Ranged Weapons
 13388 | Orc:1    | Reached skill level 12 in Dodging
 13676 | Orc:2    | Noticed an orc high priest
 13691 | Orc:2    | Killed an orc high priest
 13692 | Orc:2    | Reached skill level 5 in Poison Magic
 13716 | Orc:2    | Found Nop Qyf's Antique Armour Shoppe.
 13716 | Orc:2    | Found Fise's Distillery.
 13842 | Orc:2    | Noticed an orc high priest
 13864 | Orc:2    | Found Azugaroack's General Store.
 14054 | Orc:2    | Killed an orc high priest
 14095 | Orc:2    | Found Zoliri's Distillery.
 14148 | Orc:2    | Bought 2 potions of mutation for 192 gold pieces
 14148 | Orc:2    | Bought a potion of degeneration for 12 gold pieces
 14149 | Orc:2    | Lost mutation: You are vulnerable to heat. (rF-) [potion of
                  | mutation]
 14149 | Orc:2    | Lost mutation: Potions are less effective at restoring your
                  | health. [potion of mutation]
 14149 | Orc:2    | Gained mutation: You are frail. (-10% HP) [potion of
                  | mutation]
 14149 | Orc:2    | Gained mutation: You occasionally lose the ability to read
                  | scrolls when taking damage. [potion of mutation]
 14149 | Orc:2    | Gained mutation: Your spells are a little easier to cast,
                  | but a little less powerful. [potion of mutation]
 14150 | Orc:2    | Lost mutation: You occasionally lose the ability to read
                  | scrolls when taking damage. [potion of mutation]
 14150 | Orc:2    | Lost mutation: You are frail. (-10% HP) [potion of
                  | mutation]
 14150 | Orc:2    | Gained mutation: You are resistant to electric shocks.
                  | (rElec) [potion of mutation]
 14150 | Orc:2    | Gained mutation: You passively dampen the noise of your
                  | surroundings. [potion of mutation]
 14150 | Orc:2    | Gained mutation: You have sharp fingernails. [potion of
                  | mutation]
 14201 | Orc:2    | Bought a slimy robe for 153 gold pieces
 14201 | Orc:2    | Identified the +1 robe of Bad Feelings {*Slow Will+ Dex+4}
                  | (You bought it in a shop on level 2 of the Orcish Mines)
 14210 | Orc:2    | Bought a potion of resistance for 140 gold pieces
 14551 | Orc:2    | Killed an orc high priest
 14800 | Lair:1   | Entered Level 1 of the Lair of Beasts
 15023 | Lair:1   | Reached ****** piety under Makhleb
 15112 | Lair:1   | Reached XP level 13. HP: 68/68 MP: 28/28
 15366 | Lair:1   | Noticed Gastronok
 15420 | Lair:1   | Killed Gastronok
 15421 | Lair:1   | Reached skill level 13 in Dodging
 15421 | Lair:1   | Reached skill level 1 in Translocations
 16338 | Lair:2   | Reached skill level 5 in Hexes
 16636 | Lair:2   | Found a hole to the Spider Nest.
 17133 | Lair:2   | Found a staircase to the Shoals.
 17152 | Lair:2   | Reached skill level 5 in Translocations
 17448 | Lair:3   | Identified the +4 sling of Plunder {speed, rN+ Will- Dex+3
                  | Stlth+}
 17623 | Lair:3   | Learned a level 4 spell: Passage of Golubria
 18721 | Lair:4   | Reached skill level 14 in Dodging
 18804 | Lair:4   | Reached XP level 14. HP: 66/75 MP: 29/29
 19399 | Lair:5   | Entered Level 5 of the Lair of Beasts
 19753 | Lair:5   | Reached skill level 15 in Dodging
 19805 | Lair:5   | Reached skill level 10 in Fighting
 20099 | Lair:5   | Learned a level 4 spell: Olgreb's Toxic Radiance
 20103 | Lair:5   | Learned a level 3 spell: Ignite Poison
 20270 | Lair:5   | Found a staircase to the Slime Pits.
 20686 | Lair:5   | Reached skill level 16 in Dodging
 21068 | Lair:5   | Reached XP level 15. HP: 69/81 MP: 30/30
 22092 | D:12     | Found a broken altar of Ashenzari.
 22126 | D:12     | You fall into a shaft and drop 3 floors!
 22126 | D:15     | Entered Level 15 of the Dungeon
 22233 | D:15     | Found a transporter.
 22235 | D:15     | Noticed Huipt's ghost (journeyman DEFE)
 22386 | D:15     | Noticed Agnes
 22401 | D:15     | Killed Agnes
 22445 | D:15     | Found a staircase to the Depths.
 22493 | D:15     | Found a transporter.
 22579 | D:15     | Reached skill level 17 in Dodging
 22649 | D:15     | Found Hok Hui's General Store.
 22661 | D:15     | Bought a ring of protection from cold for 400 gold pieces
 22661 | D:15     | Bought a potion of curing for 48 gold pieces
 22661 | D:15     | Bought a scroll of torment for 152 gold pieces
 22661 | D:15     | Bought a potion of heal wounds for 80 gold pieces
 22867 | D:15     | Got the Compilation of the Earthen Pyromaniac
 22916 | D:15     | Paralysed by a vampire knight for 4 turns
 23235 | D:14     | Reached skill level 1 in Fire Magic
 23240 | D:14     | Identified the +7 war axe "Ickoag" {chaos, *Slow rElec
                  | Int+8 Dex-3}
 23252 | D:14     | Reached skill level 1 in Conjurations
 23372 | D:14     | Found a gate to the Vaults.
 23465 | D:14     | Identified the +4 buckler of Responsibility {Will- Str+4
                  | Dex+2}
 23723 | D:14     | Found a runed translucent door.
 23723 | D:14     | Noticed Noohia's ghost (journeyman MeCK)
 24042 | D:14     | Lost mutation: You passively dampen the noise of your
                  | surroundings. [potion of mutation]
 24042 | D:14     | Lost mutation: You are resistant to electric shocks.
                  | (rElec) [potion of mutation]
 24043 | D:14     | Lost mutation: Your spells are a little easier to cast, but
                  | a little less powerful. [potion of mutation]
 24043 | D:14     | Lost mutation: You have sharp fingernails. [potion of
                  | mutation]
 24043 | D:14     | Gained mutation: Armour fits poorly on your strangely
                  | shaped body. [potion of mutation]
 24043 | D:14     | Gained mutation: You sometimes lose your temper in combat.
                  | [potion of mutation]
 24043 | D:14     | Gained mutation: You are agile. (Dex +4, Str/Int -1)
                  | [potion of mutation]
 24652 | D:14     | HP: 4/84 [Noohia's ghost (5)]
 25066 | D:14     | Killed Noohia's ghost
 25208 | D:14     | Lost mutation: You sometimes lose your temper in combat.
                  | [potion of mutation]
 25208 | D:14     | Lost mutation: Armour fits poorly on your strangely shaped
                  | body. [potion of mutation]
 25208 | D:14     | Lost mutation: You are agile. (Dex +4, Str/Int -1) [potion
                  | of mutation]
 25208 | D:14     | Gained mutation: You possess an exceptional clarity of
                  | mind. [potion of mutation]
 25208 | D:14     | Gained mutation: Your magical capacity is low. (-10% MP)
                  | [potion of mutation]
 25208 | D:14     | Gained mutation: You are somewhat resistant to further
                  | mutation. [potion of mutation]
 26335 | D:13     | Found a transporter.
 26335 | D:13     | Found a transporter.
 26335 | D:13     | Noticed Darkkill's ghost (journeyman MiHu)
 26405 | D:13     | Noticed Urug
 26407 | D:13     | Killed Urug
 26408 | D:13     | Reached XP level 16. HP: 88/88 MP: 28/28
 27175 | D:13     | Killed Darkkill's ghost
 27608 | Elf:1    | Entered Level 1 of the Elven Halls
 27711 | Elf:1    | Reached skill level 18 in Dodging
 27894 | Elf:1    | Got the Grimoire of Weirdness
 28468 | Elf:1    | Found Nyphox's Distillery.
 28472 | Elf:1    | Bought a potion of curing for 48 gold pieces
 28953 | Elf:2    | Found Gocki's Weapon Shoppe.
 28973 | Elf:2    | Reached skill level 5 in Fire Magic
 29539 | Elf:2    | Reached skill level 5 in Conjurations
 29560 | Elf:2    | Found a runed translucent gate.
 29561 | Elf:2    | Found a runed translucent gate.
 29561 | Elf:2    | Found a runed translucent gate.
 29983 | Elf:2    | Reached skill level 15 in Ranged Weapons
 30169 | Elf:2    | Got the Papyrus of Blasts
 30467 | Elf:2    | Reached XP level 17. HP: 82/94 MP: 23/28
 30475 | Elf:2    | Learned a level 5 spell: Fireball
 30496 | Elf:2    | HP: 4/94 [deep elf knight/+0 scimitar (12)]
 30826 | Elf:2    | Noticed a deep elf blademaster
 30857 | Elf:2    | Killed a deep elf blademaster
 31245 | Orc:2    | Bought a potion of heal wounds for 70 gold pieces
 31245 | Orc:2    | Bought a potion of curing for 42 gold pieces
 31245 | Orc:2    | Bought a potion of curing for 42 gold pieces
 31276 | Orc:2    | Bought a scroll of teleportation for 54 gold pieces
 31276 | Orc:2    | Bought a scroll of teleportation for 54 gold pieces
 31286 | Orc:2    | Bought a potion of curing for 36 gold pieces
 31392 | Orc:1    | Bought a potion of mutation for 112 gold pieces
 31392 | Orc:1    | Bought a potion of curing for 42 gold pieces
 31394 | Orc:1    | Lost mutation: You possess an exceptional clarity of mind.
                  | [potion of mutation]
 31394 | Orc:1    | Lost mutation: Your magical capacity is low. (-10% MP)
                  | [potion of mutation]
 31497 | D:11     | Bought a potion of curing for 75 gold pieces
 31497 | D:11     | Bought 2 potions of heal wounds for 250 gold pieces
 31643 | Elf:3    | Entered Level 3 of the Elven Halls
 31819 | Elf:3    | Reached skill level 19 in Dodging
 33061 | Elf:3    | Noticed a deep elf master archer
 33085 | Elf:3    | Shot with an arrow by a deep elf master archer

Illustrated notes

Levels and vault maps discovered:
D:1:      minmay_arrival_hallway, layout_basic, ebering_ecumenical_altar_mist,
          patterned_corridor
D:2:      layout_loops_ring, basic_altar, kennysheep_generic_room_16,
          uniq_terence
D:3:      layout_rooms, grunt_temple_overflow_open,
          nicolae_qazlal_general_emergency, serial_shops, shop, nicolae_titane
D:4:      layout_basic, zin_treasury, minmay_temple_entry_sparse_star,
          minmay_misc_feat_encased, mrwooster_statue_mirror,
          uniq_crazy_yiuf_cottage, uniq_edmund, uniq_natasha
D:5:      layout_rooms, mainiacjoe_overflow_catch_the_wave, serial_demonic,
          serial_demonic_c, serial_demonic_e, serial_demonic_b,
          serial_demonic_c, serial_demonic_a, serial_demonic_g, serial_demonic_b
D:6:      layout_basic, vehumet_statue, old_standard_altar
D:7:      layout_loops_ring, serial_shops, shop, minmay_puff
D:8:      layout_rooms
D:9:      nzn_winding_woodlands_three_and_one [nzn_winding_woodlands_5x15_twine,
          nzn_winding_woodlands_5x15_garden, nzn_winding_woodlands_5x15_zeroes,
          nzn_winding_woodlands_center_pierced_h], layout_loops_cross,
          mainiacjoe_overflow_small_starburst, minivault_1
D:10:     layout_basic, orc_0_dummy, fountainhead, uniq_erica
D:11:     layout_irregular_city, dpeg_lair_monsters, serial_shops,
          kennysheep_mini, uniq_nergalle
D:12:     layout_cave_pools, minmay_misc_feat_ornament,
          nicolae_ashenzari_panopticon
D:13:     layout_long_grid, gammafunk_ghost_hive, nicolae_hexahallways,
          uniq_urug
D:14:     layout_gridville, hangedman_vaults_entry_quadrant_bands,
          hellmonk_ghost_happy_afterlife, minivault_20, dreamdust_wasp_nest
D:15:     hangedman_depths_entry_civil_slaughter, layout_basic, serial_shops,
          shop_fountains, gammafunk_ghost_mausoleum, uniq_agnes
Temple:   hellmonk_temple_divided_pantheon
Lair:1:   layout_small_grid, uniq_gastronok
Lair:2:   layout_cave_pods, minmay_shoals_entry_beasts,
          spider_nest_entry_funnel_web, lemuel_fruit_tree
Lair:3:   layout_regular_city, grunt_megastairs_1
Lair:4:   layout_concentric_octagons, grunt_forest_stairs_clearing
Lair:5:   due_jungle_book, layout_regular_city, minmay_slime_entry_oklob_open
Orc:1:    layout_diamond_mine, serial_shops, nicolae_shop_advertising_works
          [nicolae_subvault_shop_adworks], hellmonk_bongcloud_opening
Orc:2:    st_orc_town, layout_caves
Elf:1:    layout_geoelf_octagon, serial_shops, shop, minmay_elf_demonology
Elf:2:    nicolae_elf_blades_crystal_corner, layout_loops_corners, serial_shops,
          shop, minmay_elf_sorcery
Elf:3:    minmay_elf_hall_x, layout_geoelf_castle, uniq_mara

Skill      XL: |  1  2  3  4  5  6  7  8  9 10 11 12 13 14 15 16 17 |
---------------+----------------------------------------------------+-----
Stealth        | 2 3 4 5 6 8 10 | 10.2
Dodging        | 3 4 5 6 7 8 10 11 12 14 16 17 18 19 | 19.2
Spellcasting   | 1 2 3 4 6 7 8 9 10 | 10.0
Fighting       | 2 3 4 5 6 7 8 9 10 11 12 | 12.8
Ranged Weapons | 5 6 7 8 9 10 11 13 14 15 | 15.4
Invocations    | 3 5 6 7 |  7.6
Summonings     | 2 3 |  3.0
Hexes          | 3 4 6 |  6.0
Poison Magic   | 3 5 7 |  7.0
Translocations | 6 |  6.0
Fire Magic     | 3 6 7 |  7.0
Conjurations   | 3 5 7 |  7.0

Action                   |  1- 3 |  4- 6 |  7- 9 | 10-12 | 13-15 | 16-18 || total
-------------------------+-------+-------+-------+-------+-------+-------++-------
Melee: Rapier            |       |       |       |       |       |   154 ||   154
       Punch             |       |       |       |       |       |     3 ||     3
 Fire: Shortbow          |    65 |    46 |       |       |       |       ||   111
       Sling             |       |    96 |   367 |   569 |       |       ||  1032
       Arbalest          |       |       |       |   480 |  1438 |   541 ||  2459
Throw: Dart              |       |       |       |       |       |     4 ||     4
 Cast: Portal Projectile |       |       |       |       |    57 |    24 ||    81
       Passage of Golubr |       |       |       |       |     3 |       ||     3
       Ignite Poison     |       |       |       |       |     3 |    13 ||    16
       Olgreb's Toxic Ra |       |       |       |       |     1 |     6 ||     7
       Mephitic Cloud    |       |       |       |       |       |     2 ||     2
       Animate Armour    |       |       |       |       |       |     1 ||     1
Invok: Lesser Servant of |       |       |       |     4 |       |       ||     4
Evoke: Wand              |       |       |       |     4 |     8 |     2 ||    14
  Use: Scroll            |       |       |    14 |    14 |     8 |     2 ||    38
       Potion            |       |       |     9 |    12 |     5 |     8 ||    34
 Stab: Sleeping          |       |       |       |       |       |     3 ||     3
Armor: Robe              |     7 |     9 |    28 |    34 |    75 |    29 ||   182
       Troll leather arm |       |       |       |    70 |    49 |    13 ||   132
Dodge: Dodged            |    23 |    38 |   201 |   818 |  1385 |   649 ||  3114

Table legend: (Time is in decaauts)
 A = Elapsed time spent in this place.
 B = Non-inter-level travel time spent in this place.
 C = Inter-level travel time spent in this place.
 D = Time resting spent in this place.
 E = Time spent auto-exploring this place.
 F = Levels seen in this place.
 G = Mean time per level.
                   A        B        C        D        E       F      G
               +--------+--------+--------+--------+--------+-----+--------+
         Total |  24894 |  22833 |   2061 |   2758 |  10913 |  26 |  957.5 |
       Dungeon |  13327 |  11968 |   1359 |   1180 |   6233 |  15 |  888.5 |
        Temple |    320 |    297 |     23 |    134 |      3 |   1 |  320.0 |
          Lair |   5425 |   5208 |    217 |    443 |   2854 |   5 | 1085.0 |
  Orcish Mines |   1907 |   1575 |    332 |    267 |    547 |   2 |  953.5 |
   Elven Halls |   3913 |   3784 |    129 |    732 |   1273 |   3 | 1304.3 |
               +--------+--------+--------+--------+--------+-----+--------+

Top non-repeatable levels by time:
  Lair:5: 1888 daAuts
   Elf:2: 1775 daAuts
    D:14: 1613 daAuts
    D:10: 1510 daAuts
     D:9: 1232 daAuts
   Orc:2: 1228 daAuts
    D:11: 1207 daAuts
  Lair:2: 1192 daAuts
   Elf:3: 1102 daAuts
   Elf:1: 1035 daAuts
     D:4: 950 daAuts
    D:13: 911 daAuts
    D:15: 856 daAuts
  Lair:1: 853 daAuts
     D:5: 801 daAuts
